 Dungeon Crawl Stone Soup version 0.28.0-53-g5a82cb258f (webtiles) character file.

Game seed: 12172209911161692353

515 Descartes the Cudgeller (level 7, -6/67 HPs)
             Began as a Troll Warper on June 8, 2022.
             Was an Initiate of Gozag.
             Mangled by a black bear (11 damage)
             ... on level 4 of the Dungeon.
             The game lasted 00:06:16 (3345 turns).

Descartes the Cudgeller (Troll Warper)              Turns: 3345, Time: 00:06:16

Health: -6/67      AC:  5    Str: 20    XL:     7   Next: 0%
Magic:  9/9        EV:  9    Int: 11    God:    Gozag
Gold:   301        SH:  0    Dex:  9    Spells: 10/10 levels left

rFire   . . .      SeeInvis .   a - +0 mace
rCold   . . .      Faith    .   (no shield)
rNeg    . . .      Spirit   .   b - +0 robe
rPois   .          Reflect  .   (helmet restricted)
rElec   .          Harm     .   l - +0 cloak
rCorr   .          Rampage  .   (gloves unavailable)
Will    .....                   (boots unavailable)
Stlth   +.........              (no amulet)
HPRegen 1.01/turn               (no ring)
MPRegen 0.11/turn               (no ring)

@: no status effects
A: large, unfitting armour, claws 3, regeneration 1, shaggy fur 1, tough skin 1
a: Renounce Religion, Potion Petition, Call Merchant, Bribe Branch


You were on level 4 of the Dungeon.
You worshipped Gozag.
Gozag was aware of your devotion.
You visited 1 branch of the dungeon, and saw 5 of its levels.

You collected 313 gold pieces.
You paid 12 gold pieces to Gozag.

Inventory:

Hand Weapons
 a - a +0 mace (weapon)
Missiles
 d - 5 boomerangs of dispersal (quivered)
 t - 8 poisoned darts
 u - 35 stones
Armour
 b - a +0 robe (worn)
 l - a +0 cloak (worn)
Jewellery
 s - an amulet of reflection
Scrolls
 c - 2 scrolls of blinking
 h - 4 scrolls of fear {unknown}
 i - 4 scrolls of identify {unknown}
 j - a scroll of immolation {unknown}
 p - a scroll of magic mapping {unknown}
 q - a scroll of amnesia {unknown}
 r - 2 scrolls of enchant weapon {unknown}
Potions
 e - a potion of magic {unknown}
 f - 2 potions of curing {unknown}
 g - a potion of haste {unknown}
 k - a potion of heal wounds {unknown}
 m - a potion of brilliance {unknown}
 n - 2 potions of ambrosia {unknown}
 o - a potion of lignification {unknown}


   Skills:
 + Level 3.1 Fighting
 + Level 3.4 Maces & Flails
 + Level 3.0 Throwing
 - Level 1.9 Dodging
 + Level 2.3 Spellcasting
 + Level 3.2 Translocations


You had 10 spell levels left.
You didn't know any spells.
Your spell library contained the following spells:

 Spells                   Type           Power      Damage    Failure   Level
 Blink                    Tloc           16%        N/A       11%         2
 Gell's Gravitas          Tloc           8%         N/A       22%         3
 Lesser Beckoning         Tloc           8%         N/A       22%         3
 Teleport Other           Tloc           8%         N/A       22%         3
 Manifold Assault         Tloc           8%         N/A       90%         5
 Fireball                 Conj/Fire      0%         3d3       100%        5
 Starburst                Conj/Fire      0%         6d3       100%        6
 Ignition                 Fire           0%         3d3       100%        8


Dungeon Overview and Level Annotations

Branches:
Dungeon (5/15)
 Temple: D:4-7

Altars:
Gozag
Zin

Shops:
D:1 (

Annotations:
D:5 Menkaure


Innate Abilities, Weirdness & Mutations

You are too large for most types of armour.
You have claws for hands.
Your natural rate of healing is unusually fast.
You are covered in fur. (AC +1)
You have tough skin. (AC +1)


Message History

The black bear bites you. The black bear misses you. The black bear claws you.
The black bear bites you. The black bear closely misses you.
The black bear claws you.
You closely miss the black bear.
The black bear is heavily wounded.
The black bear bites you! The black bear barely misses you.
The black bear claws you.
You sock the black bear!
The black bear is almost dead.
The black bear goes berserk!
You barely miss the black bear.
The black bear is almost dead.
The black bear barely misses you. The black bear closely misses you.
The black bear completely misses you.
The black bear bites you but does no damage.
The black bear closely misses you. The black bear claws you.
You hit the black bear.
The black bear is almost dead.
The black bear bites you but does no damage.
The black bear barely misses you. The black bear claws you.
The black bear barely misses you. x2; The black bear completely misses you.
You hit the black bear but do no damage.
The black bear is almost dead.
The black bear bites you.
* * * LOW HITPOINT WARNING * * *
The black bear claws you.
* * * LOW HITPOINT WARNING * * *
The black bear claws you.
* * * LOW HITPOINT WARNING * * *
The black bear bites you.
* * * LOW HITPOINT WARNING * * *
The black bear claws you.
* * * LOW HITPOINT WARNING * * *
The black bear claws you.
* * * LOW HITPOINT WARNING * * *
You hit the black bear. You claw the black bear.
The black bear is almost dead.
The black bear bites you!
You die...
Your body crumbles into a pile of gold.

...#..#.#.....# #.............#..
...##...##....# ###..)........#..
.........#....###.#...).......#..
##.......................).......
#...........................##..
#.......#.#..................##.
######.###......................
#####....[.................
###......@h..)##.........#
#.......#.................
##.....##..........#.^....
##....#...........#.....#
####................).##
##...............###
##...........#### #....##....##
#....###...#


You could see a black bear (berserk).

Vanquished Creatures
  An ice beast (D:3)
  A howler monkey (D:4)
  An orc priest (D:2)
  A hound (D:4)
  2 bullfrog skeletons
  2 orc wizards (D:3)
  2 hound skeletons (D:4)
  3 adders
  6 gnolls
  An adder skeleton (D:4)
  2 worms
  3 dart slugs
  11 orcs
  7 endoplasms
  4 giant cockroaches
  8 goblins
  10 hobgoblins
  6 kobolds
  3 quokkas
  3 ball pythons
  7 bats
  7 frilled lizards
  6 rats
97 creatures vanquished.

Notes
Turn   | Place    | Note
-------+----------+-------------------------------------------
     0 | D:1      | Descartes the Troll Warper began the quest for the Orb.
     0 | D:1      | Reached XP level 1. HP: 19/19 MP: 1/1
   112 | D:1      | Reached skill level 1 in Throwing
   113 | D:1      | Found Ijeukoykk's Weapon Shoppe.
   197 | D:1      | Reached XP level 2. HP: 28/28 MP: 3/3
   746 | D:2      | Reached XP level 3. HP: 18/35 MP: 4/4
  1498 | D:3      | Noticed an ice beast
  1511 | D:3      | Killed an ice beast
  1512 | D:3      | Reached XP level 4. HP: 22/44 MP: 5/5
  1512 | D:3      | Reached XP level 5. HP: 25/50 MP: 6/6
  2191 | D:3      | Reached XP level 6. HP: 58/59 MP: 8/8
  2261 | D:3      | Found a glowing silver altar of Zin.
  2262 | D:3      | Found an opulent altar of Gozag.
  2277 | D:3      | Became a worshipper of Gozag Ym Sagoz the Greedy
  3051 | D:4      | Reached XP level 7. HP: 59/67 MP: 9/9
  3324 | D:5      | Entered Level 5 of the Dungeon
  3324 | D:5      | Noticed Menkaure
  3344 | D:4      | HP: 3/67 [black bear (1)]
  3345 | D:4      | Mangled by a black bear

Illustrated notes

Levels and vault maps discovered:
D:1:      wander_arrival_chamber, layout_loops_ring, serial_shops,
          nicolae_diamond_shop
D:2:      layout_loops_corners, minmay_3d_cube
D:3:      layout_loops_ring, grunt_temple_overflow_gold_and_silver
D:4:      layout_cave_pools
D:5:      layout_rooms, minmay_misc_feat_room, uniq_crazy_yiuf_cottage,
          uniq_ijyb, uniq_menkaure

Skill      XL: |  1  2  3  4  5  6 |
---------------+-------------------+-----
Throwing       | 1 2 3 |  3.0
Maces & Flails | 2 3 |  3.4
Fighting       | 2 3 |  3.1
Spellcasting   | 2 |  2.3
Translocations | 3 |  3.2
Dodging        | |  1.9

Action                   |  1- 3 |  4- 6 |  7- 9 || total
-------------------------+-------+-------+-------++-------
Melee: Mace              |   128 |   282 |    15 ||   425
       Punch             |     1 |       |     1 ||     2
 Stab: Sleeping          |     1 |       |       ||     1
Armor: Robe              |    52 |   110 |    11 ||   173
Dodge: Dodged            |    65 |   186 |    20 ||   271
